 Dungeon Crawl Stone Soup version 0.28-a0-1510-gd0f6b136d3 (webtiles) character file.

Game seed: 5862484056845293927

14 lunkers the Sneak (level 2, -3/19 HPs)
             Began as a Vampire Enchanter on Jan 14, 2022.
             Slain by a kobold (6 damage)
             ... on level 1 of the Dungeon.
             The game lasted 00:00:58 (311 turns).

lunkers the Sneak (Vampire Enchanter)                Turns: 311, Time: 00:00:59

Health: -3/19      AC:  2    Str:  7    XL:     2   Next: 31%
Magic:  5/5        EV: 12    Int: 17    God:
Gold:   0          SH:  0    Dex: 14    Spells: 5/5 levels left

rFire   . . .      SeeInvis +   a - +1 dagger
rCold   . . .      Faith    .   (no shield)
rNeg    . . .      Spirit   .   b - +0 robe
rPois   .          Reflect  .   (no helmet)
rElec   .          Harm     .   (no cloak)
rCorr   .          Rampage  .   (no gloves)
Will    .....                   (no boots)
Stlth   +++.......              (no amulet)
HPRegen 0.26/turn               (no ring)
MPRegen 0.09/turn               (no ring)

@: healing quickly
A: alive, fangs 3, see invisible, vampiric 1
a: Exsanguinate


You were on level 1 of the Dungeon.
You visited 1 branch of the dungeon, and saw 1 of its levels.

Inventory:

Hand Weapons
 a - a +1 dagger (weapon)
Armour
 b - a +0 robe (worn)
Scrolls
 d - a scroll of teleportation {unknown}
Potions
 c - a potion of invisibility


   Skills:
 + Level 2.0 Short Blades
 - Level 2.1 Dodging
 + Level 5.1 Stealth
 - Level 2.0 Spellcasting
 - Level 4.4 Hexes


You had 5 spell levels left.
You didn't know any spells.
Your spell library contained the following spells:

 Spells                   Type           Power      Damage    Failure   Level
 Confusing Touch          Hex            16%        N/A       10%         3
 Tukima's Dance           Hex            16%        N/A       10%         3
 Ensorcelled Hibernation  Hex/Ice        18%        N/A       12%         2
 Dazzling Flash           Conj/Hex       18%        N/A       24%         3


Dungeon Overview and Level Annotations

Branches:
Dungeon (1/15)

Altars:


Innate Abilities, Weirdness & Mutations

Your natural rate of healing is accelerated.
You have razor-sharp teeth.
You have supernaturally acute eyesight. (SInv)
You are afflicted with vampirism.


Message History

The ball python is severely wounded.
The ball python bites you. The ball python barely misses you.
You hit the ball python.
You kill the ball python!
The kobold throws a stone.
The stone hits you.
You aren't carrying any items that you can evoke.
Unknown command.
The kobold hits you with a +1 vampiric short sword.
You hit the kobold but do no damage. The kobold misses you.
Unknown command.
You completely miss the kobold.
Unknown command.
You hit the kobold but do no damage.
The kobold hits you with a +1 vampiric short sword.
Unknown command.
You closely miss the kobold.
The kobold hits you with a +1 vampiric short sword.
* * * LOW HITPOINT WARNING * * *
You hit the kobold but do no damage.
The kobold hits you with a +1 vampiric short sword.
* * * LOW HITPOINT WARNING * * *
You don't know any spells.
Unknown command.
You hit the kobold.
The kobold is moderately wounded.
The kobold barely misses you.
Unknown command.
Unknown command.
You barely miss the kobold.
The kobold is moderately wounded.
The kobold hits you with a +1 vampiric short sword.
* * * LOW HITPOINT WARNING * * *
You barely miss the kobold. Your bite misses the kobold.
The kobold is moderately wounded.
The kobold barely misses you.
Unknown command.
You hit the kobold but do no damage.
The kobold is moderately wounded.
The kobold hits you with a +1 vampiric short sword.
You die...

.............#
###.#.....#.### #
##....#... ##.#.#.####.
##.###......#...
.................
###.####.........
#(####.........
#...@K.......#
.....#.####....### .##
#.# #.....# ## #..####
#..####### #....)...#
################.#######
#.......................
#.......................


You could see a kobold.

Vanquished Creatures
  An endoplasm (D:1)
  A giant cockroach (D:1)
  2 hobgoblins (D:1)
  3 jackals (D:1)
  A kobold (D:1)
  3 ball pythons (D:1)
  2 frilled lizards (D:1)
13 creatures vanquished.

Notes
Turn   | Place    | Note
-------+----------+-------------------------------------------
     0 | D:1      | lunkers the Vampire Enchanter began the quest for the Orb.
     0 | D:1      | Reached XP level 1. HP: 13/13 MP: 3/3
   125 | D:1      | Reached XP level 2. HP: 19/19 MP: 5/5
   195 | D:1      | Reached skill level 5 in Stealth
   311 | D:1      | Slain by a kobold

Illustrated notes

Levels and vault maps discovered:
D:1:      dpeg_arrival_boxes_within_box, layout_loops_ring,
          hellmonk_ecumenical_altar_slurped_away

Skill      XL: |  1  2 |
---------------+-------+-----
Stealth        | 5 |  5.1
Short Blades   | 2 |  2.0
Dodging        | |  2.1
Spellcasting   | |  2.0
Hexes          | |  4.4

Action                   || total
-------------------------++-------
Melee: Dagger            ||    61
       Bite              ||     4
 Stab: Distracted        ||     1
       Sleeping          ||     1
Armor: Robe              ||     8
Dodge: Dodged            ||    51

Table legend: (Time is in decaauts)
 A = Elapsed time spent in this place.
 B = Non-inter-level travel time spent in this place.
 C = Inter-level travel time spent in this place.
 D = Time resting spent in this place.
 E = Time spent auto-exploring this place.
 F = Levels seen in this place.
 G = Mean time per level.
                   A        B        C        D        E       F      G
               +--------+--------+--------+--------+--------+-----+--------+
         Total |    305 |    305 |      0 |     18 |    166 |   1 |  305.0 |
       Dungeon |    305 |    305 |      0 |     18 |    166 |   1 |  305.0 |
               +--------+--------+--------+--------+--------+-----+--------+

Top non-repeatable levels by time:
     D:1: 305 daAuts
